AoeStats
← TheZenTex

Arabia

508476655Analyzed
1v1 RM · 10d ago on Sep 22, 2026· 26m 5s· 2 players
Game mode
Random Map
Map size
Tiny (2 player)
Population
200
Speed
Normal
Resources
Standard
Victory
Conquest
Starting age
Dark Age
Ending age
Imperial Age
RankedLock teamsTeams togetherTeam positionsShared explorationLock speedFull tech treeHidden civsTurbo modeCheats
Victory
Defeat
🇺🇾 Mongols · Uruguay
1306
+15
🇺🇸 Danes · United States
1284
-15
TheZenTex
8:45 Loom
10:31 Feudal Age
11:27 Double-Bit Axe
11:26 Horse Collar
22:41 Castle Age
20:47 Scale Mail Armor
20:40 Arson
23:48 Pikeman
26:18 Chain Mail Armor
DateLord
4:35 Loom
8:14 Feudal Age
8:52 Double-Bit Axe
18:36 Castle Age
16:44 Horse Collar
18:19 Gold Mining
18:50 Bloodlines
20:30 Wheelbarrow
21:08 Husbandry
21:59 Scale Barding Armor
22:55 Wheelbarrow
23:21 Forging
Connection lost

Rejoining the realm…

Still unreachable

The connection could not be restored.

Session expired

The server has moved on; the page needs a fresh start.